Unix NetHack Version 5.0.0-0 post-release - last build Jul 14 2026 02:55:29 (1809b74e8187c3a3585e283601c3028b46cbbdcb,branch:main).

Game began 2026-07-16 20:30:39, ended 2026-07-17 04:29:46.

Atrocia, neutral female gnomish Ranger

      ----------                    ------               ------
      |........|                    |....|               ||....#
      |...{.....##############)#)###.....|               ||...|#
     #.........|#                   |.....#             #.o...|#
     #----------#                  #.....|##            #------##
     #          #                  #---|-- ##           #       #
     ##         #                  #   #    ##          #       ##
      #         #                 #(   #     #          #        #
      ###       #                 #   ##     #          #        #   -+-------
        #      ##                ##   #      #          # ###########-......>|
        #      #---------------- #    #      #####      # `        # |.......|
   -----#      #|..............| #    #          ##-----###        ##....`..d|
   |...|#      )|..............| #  --.-----      #|....#            ---------
   |...-#      #...)............### |......|      #-...|#
   |...|        ----------------    |..[...|       |...|
   |...|                            |<.....|       .^..|
   |...|                            |......|       |...|
   |.)..                             ......|       |...|
   -----                            --------       -----

Atrocia the Trailblazer      St:17 Dx:12 Co:15 In:15 Wi:13 Ch:7  Neutral
Dlvl:8  $:181 HP:0(54) Pw:31(31) AC:2  Xp:7 T:8745  Burdened

Latest messages:
 The giant bat bites!
 The ghoul misses!
 The ghoul misses!
 The giant bat misses!
 The giant bat bites!
 You kill the giant bat!
 The ghoul hits!
 You avoid harm.
 The ghoul misses!
 You see here a giant bat corpse.
 The ghoul hits!
 The ghoul hits again!
 You hit the ghoul.
 The ghoul just misses!
 The ghoul just misses!
 You hit the ghoul.
 You hit the ghoul.
 The gecko bites!
 You hit the ghoul!
 The ghoul hits!
 The ghoul hits again!
 The gecko bites!
 You hit the ghoul.
 The gecko misses!
 You destroy the ghoul!
 You kill the gecko!
 You see here a long sword.
 You see here a giant bat corpse.
 Sirius eats a giant bat corpse.
 You see here a long sword.
 You swap places with Sirius.
 Sirius picks up a long sword.
 Sirius drops a long sword.
 You stop.  Sirius is in the way!
 You climb up the stairs.
 You swap places with Sirius.
 The orc-captain zaps a steel wand!
 The bolt of cold whizzes by you!
 The bolt of cold bounces!
 The bolt of cold whizzes by you!
 The bolt of cold misses the orc-captain.
 The orc-captain zaps a wand of cold!
 The bolt of cold hits you!
 The bolt of cold bounces!
 The orc-captain zaps a wand of cold!
 The bolt of cold hits Sirius!
 The bolt of cold hits you!
 Your clear potion freezes and shatters!
 You die...
 Do you want your possessions identified? [ynq] (y) q

Inventory:
 Coins    ('$')
  $ - 181 gold pieces
 Amulets  ('"')
  W - an uncursed amulet versus poison
 Weapons  (')')
  c - 24 +2 crossbow bolts (in quiver pouch)
  d - 44 +0 crossbow bolts
  L - 8 cursed +0 elven arrows
  b - a +1 crossbow (alternate weapon; not wielded)
  y - 3 +0 elven daggers (wielded)
 Armor    ('[')
  J - an uncursed thoroughly rusty +0 orcish helm (being worn)
  z - an uncursed thoroughly rusty +0 pair of iron shoes (being worn)
  e - an uncursed +2 cloak of displacement (being worn)
  s - a cursed -1 cloak of protection
  T - an uncursed +0 mummy wrapping
  R - an uncursed +0 elven mithril-coat (being worn)
 Comestibles  ('%')
  G - 7 uncursed food rations
  K - an uncursed tripe ration
  j - an uncursed tin of soup made from iguana meat
 Scrolls  ('?')
  g - an uncursed scroll of blank paper
  i - an uncursed scroll of food detection
  X - a blessed scroll of identify
  t - an uncursed scroll of identify
 Potions  ('!')
  P - an uncursed potion of blindness
  k - an uncursed potion of confusion
  x - an uncursed potion of gain energy
  h - an uncursed potion of gain level
  M - a blessed potion of healing
  H - 4 uncursed potions of healing
  O - a cursed potion of healing
  V - a cursed potion of levitation
  B - 2 uncursed potions of object detection
  I - an uncursed potion of paralysis
 Rings    ('=')
  l - a cursed -1 ring of gain strength
 Wands    ('/')
  w - a wand of polymorph (0:5)
  Y - a wand of stasis (0:4)
 Tools    ('(')
  S - an uncursed figurine of a giant beetle
  U - an uncursed mirror
  F - an uncursed oil lamp
  A - an uncursed tin opener
  Z - an uncursed tin whistle
  N - a +0 unicorn horn
 Gems/Stones  ('*')
  u - an uncursed amethyst stone
  r - 2 uncursed topaz stones
  E - an uncursed touchstone

Atrocia the Ranger's attributes:

Background:
 You were a Trailblazer, a level 7 female gnomish Ranger.
 You were neutral, on a mission for Venus
 who was opposed by Mercury (lawful) and Mars (chaotic).
 You were right-handed.
 You were in the Dungeons of Doom, on level 8.
 You entered the dungeon 8745 turns ago.
 It was nighttime.
 There was a new moon in effect when your adventure ended.
 You had 1271 experience points, 9 more were needed to attain level 8.

Basics:
 You had 0 out of 54 hit points.
 You had all 31 energy points (spell power).
 Your armor class was 2.
 Your wallet contained 181 zorkmids.
 Autopickup was on for '$"?+!=/' plus thrown.

Final Characteristics:
 Your strength was 17 (limit:18/50).
 Your dexterity was 12 (limit:18).
 Your constitution was 15 (limit:18).
 Your intelligence was 15 (limit:19).
 Your wisdom was 13 (limit:18).
 Your charisma was 7 (limit:18).

Final Status:
 You weren't hungry.
 You were burdened; movement was slightly slowed.
 You were wielding daggers.
 You had basic skill with dagger and could have enhanced that.

Final Attributes:
 You were piously aligned.
 You were sleep resistant.
 You were telepathic.
 You had automatic searching.
 You had infravision.
 You were displaced.
 You were stealthy.
 You aggravated monsters.
 You were guarded.
 You are dead.

Miscellaneous:
 You didn't encounter any bones levels.
 Total elapsed playing time was 2 hours, 3 minutes and 58 seconds.

Major events:
 Turn
    1: Atrocia the neutral female gnomish Ranger entered the dungeon
  966: entered the Gnomish Mines
 1758: attained the rank of Lookout (level 3)
 4652: attained the rank of Trailblazer (level 6)
 5093: reached Mine Town
 8745: killed by a bolt of cold zapped by an orc-captain

You didn't know any spells.

Skills:
 Fighting Skills
   bare handed combat [Unskilled]
   riding             [Unskilled]
 Weapon Skills
   dagger             [Basic]
   knife              [Unskilled]
   axe                [Unskilled]
   pick-axe           [Unskilled]
   short sword        [Unskilled]
   morning star       [Unskilled]
   flail              [Unskilled]
   hammer             [Unskilled]
   quarterstaff       [Unskilled]
   polearms           [Unskilled]
   spear              [Unskilled]
   trident            [Unskilled]
   bow                [Unskilled]
   sling              [Unskilled]
   crossbow           [Skilled]
   dart               [Unskilled]
   shuriken           [Unskilled]
   boomerang          [Unskilled]
   whip               [Unskilled]
 Spellcasting Skills
   healing spells     [Unskilled]
   divination spells  [Unskilled]
   escape spells      [Unskilled]

Voluntary challenges:
 Character rerolling was not enabled.
 You never genocided any monsters.
 You never polymorphed an object.
 You used no wishes.
Achievements:
 You entered a shop.
 You entered the Gnomish Mines.
 You attained the rank of Lookout.
 You attained the rank of Trailblazer.
 You entered Minetown.

 The Dungeons of Doom: levels 1 to 9
    Level 1:
       A fountain.
    Level 2:
       An armor shop.
    Level 3:
       A general store.
    Level 4:
       Stairs down to The Gnomish Mines.
    Level 5:
       A fountain, a grave.
    Level 6:
       A throne.
    Level 7:
       Some sinks.
    Level 8: <- You were here.
       A fountain.
       Final resting place for
          you, killed by a bolt of cold zapped by an orc-captain.
    Level 9:
 The Gnomish Mines: levels 5 to 8
    Level 5:
    Level 6:
    Level 7:
    Level 8:
       An altar.


Vanquished creatures:
  a tengu
  a carnivorous ape
  a leather golem
 an orc-captain
  a black light
  a gnome ruler
  a dwarf mummy
 an ogre
  a brown pudding
  a rust monster
  a yeti
  a werewolf
  2 Green-elves
  a lizard
  a jaguar
  a blue jelly
  a white unicorn
  a gnome mummy
  a snake
 an ape
  a soldier ant
  3 bugbears
 an imp
  a wood nymph
  2 water nymphs
  2 rock piercers
  2 rock moles
  2 fog clouds
  2 yellow lights
  a shrieker
  a gnome leader
  a barrow wight
 an elf zombie
  2 ghouls
 10 giant ants
  2 floating eyes
  a kitten
  2 dwarves
  2 homunculi
  2 kobold leaders
  a kobold shaman
 22 hill orcs
  6 rothes
  3 centipedes
  a giant bat
  a monkey
  4 orc zombies
  3 dwarf zombies
  2 wererats
  a werejackal
  5 iguanas
  7 killer bees
 an acid blob
  6 coyotes
  2 gas spores
  2 hobbits
  7 manes
  a large kobold
  6 hobgoblins
  5 giant rats
  7 cave spiders
  3 yellow molds
  a red mold
  2 gnomes
  3 gnome zombies
  5 geckos
 22 jackals
  a fox
  2 goblins
  2 sewer rats
  5 grid bugs
  a bat
  a lichen
  2 kobold zombies
 13 newts
218 creatures vanquished.

No species were genocided or became extinct.

Game over:
                       ----------
                      /          \
                     /    REST    \
                    /      IN      \
                   /     PEACE      \
                  /                  \
                  |     Atrocia      |
                  |      181 Au      |
                  | killed by a bolt |
                  |  of cold zapped  |
                  |      by an       |
                  |   orc-captain    |
                  |       2026       |
                 *|     *  *  *      | *
        _________)/\\_//(\/(/\)/\//\/|_)_______

Goodbye Atrocia the Ranger...

You died in The Dungeons of Doom on dungeon level 8 with 5647 points,
and 181 pieces of gold, after 8745 moves.
You were level 7 with a maximum of 54 hit points when you died.

